 Dungeon Sprint DCSS version 0.26-a0-1184-g95e395e029 (webtiles) character file.

Game seed: 5415743044022260202

1442 reriks the Fighter (level 8, -1/59 HPs)
             Began as a Gargoyle Berserker on Dec 27, 2020.
             Was an Elder of Trog.
             Slain by a flying skull (3 damage)
             ... in the Dungeon (Sprint II: "The Violet Keep of Menkaure").
             The game lasted 00:01:22 (867 turns).

reriks the Fighter (Gargoyle Berserker)              Turns: 867, Time: 00:01:23

Health: -1/59      AC:  8    Str: 24    XL:     8   Next: 74%
Magic:  8/8        EV: 15    Int:  7    God:    Trog [****..]
Gold:   486        SH:  0    Dex:  9    Spells: 7/7 levels left

rFire    . . .     SeeInvis .   a - +0 mace
rCold    . . .     Faith    .   (no shield)
rNeg     + . .     Spirit   .   b - +0 animal skin
rPois    ∞         Reflect  .   (no helmet)
rElec    +         Harm     .   (no cloak)
rCorr    .         Rampage  .   (no gloves)
Will     .....     Rnd*Rage +   (no boots) Stlth +.........NoTele +
                                (no amulet)
HPRegen  0.19/turn              (no ring)
MPRegen  0.11/turn              (no ring)

@: berserk cooldown, slowed, very slow
A: berserk 1, blurry vision 1, negative energy resistance 1, electricity
resistance, unbreathing, evolution 1, petrification resistance, miasma immunity,
AC +5
a: Renounce Religion, Berserk, Trog's Hand, Brothers in Arms


You were in the Dungeon.
You worshipped Trog.
Trog was greatly pleased with you.
You visited 1 branch You collected 486 gold pieces.

Inventory:

Hand Weapons
 a - a +0 mace (weapon)
Armour
 b - a +0 animal skin (worn)
Scrolls
 h - a scroll of blinking
Potions
 f - 2 potions of magic
 g - a potion of berserk rage


   Skills:
 + Level 10.8 Fighting
 + Level 10.0 Maces & Flails
 + Level 10.6 Armour
 + Level 8.2 Dodging


You had 7 spell levels left.
You didn't know any spells.
Your spell library was empty.

Dungeon Overview and Level Annotations

Branches:
Dungeon (1/1)

Altars:

Shops:
D (=?==?

Annotations:
D exclusion: orange crystal statue


Innate Abilities, Weirdness & Mutations

You are resistant to torment.
Your stone body is resilient. (AC +5)
You are immune to poison.
You resist negative energy. (rN+)
You are resistant to electric shocks. (rElec)
You can survive without breathing.
You are immune to petrification.
You are immune to miasma.
You tend to lose your temper in combat.
Scrolls take you a little longer to read.
You evolve.


Message History

You feel better. The flying skull barely misses you. The flying skull hits you!
* * * LOW HITPOINT WARNING * * *
You hit the flying skull but do no damage.
The flying skull is heavily damaged.
The flying skull barely misses you. The flying skull hits you.
* * * LOW HITPOINT WARNING * * *
You barely miss the flying skull.
The flying skull is heavily damaged.
The flying skull barely misses you. The flying skull hits you!
* * * LOW HITPOINT WARNING * * *
You hit the flying skull.
The flying skull is heavily damaged.
The flying skull hits you but does no damage. x2
You hit the flying skull but do no damage.
The flying skull is heavily damaged.
The flying skull barely misses you. The flying skull closely misses you.
You hit the flying skull.
The flying skull is severely damaged.
The flying skull barely misses you. The flying skull hits you.
You die...

.∩.∩ #+# ∩.∩.
###.### .∩..#
#..#..# ∩...#
####.#.## #
....#≈ #.###'##
l#
..#≈##..##.##.#
+≈+##z'.<.+#
#.#z##.##l#
##@###†# .#
####.#.# #
#..#..# ##.$.##
##'## ≈z #z°
°..° ..°..


You could see 2 flying skulls.

Vanquished Creatures
  3 flying skulls (D)
  4 neqoxecs (D)
  Menkaure (D)
  4 necrophages (D)
  4 worker ants (D)
16 creatures vanquished.

Vanquished Creatures (others)
  A wyvern (D)
  A water moccasin (D)
2 creatures vanquished.

Grand Total: 18 creatures vanquished

Notes
Turn   | Place    | Note
-------+----------+-------------------------------------------
     0 | D        | reriks the Gargoyle Berserker began the quest for the Orb.
     0 | D        | Reached XP level 1. HP: 14/14 MP: 1/1
     1 | D        | Noticed a worker ant
     1 | D        | Noticed a worker ant
     1 | D        | Noticed a worker ant
     1 | D        | Noticed a worker ant
     7 | D        | Killed a worker ant
     8 | D        | Reached XP level 2. HP: 15/20 MP: 2/2
     8 | D        | Reached XP level 3. HP: 18/24 MP: 3/3
    18 | D        | Reached skill level 5 in Fighting
    19 | D        | Reached ** piety under Trog
    20 | D        | Reached skill level 5 in Maces & Flails
    20 | D        | Reached XP level 4. HP: 14/31 MP: 4/4
    26 | D        | Reached skill level 5 in Armour
    39 | D        | Killed a water moccasin
   276 | D        | Noticed an orange crystal statue
   285 | D        | Noticed a wyvern
   285 | D        | Noticed a wyvern
   289 | D        | Noticed a neqoxec
   289 | D        | Noticed a neqoxec
   289 | D        | Noticed a neqoxec
   289 | D        | Noticed a neqoxec
   294 | D        | Gained mutation: Scrolls take you a little longer to read.
                  | [a neqoxec]
   295 | D        | Killed a neqoxec
   296 | D        | Reached skill level 5 in Dodging
   296 | D        | Reached XP level 5. HP: 38/38 MP: 5/5
   296 | D        | Reached XP level 6. HP: 44/44 MP: 6/6
   302 | D        | Killed a neqoxec
   311 | D        | Gained mutation: You evolve. [a neqoxec]
   317 | D        | Killed a neqoxec
   317 | D        | Reached *** piety under Trog
   318 | D        | Reached XP level 7. HP: 39/50 MP: 7/7
   324 | D        | Gained mutation: You tend to lose your temper in combat. [a
                  | neqoxec]
   332 | D        | Killed a neqoxec
   374 | D        | Noticed Menkaure
   379 | D        | Killed Menkaure
   380 | D        | Found Laovelia's Jewellery Shoppe.
   380 | D        | Found Jimolaf Gove's Jewellery Shoppe.
   381 | D        | Found Gaaxiu's Jewellery Shoppe.
   381 | D        | Found Hereamou's Antique Weapon Emporium.
   381 | D        | Found Tichir's Magic Scroll Shoppe.
   381 | D        | Found Ymawnom's Magic Scroll Emporium.
   502 | D        | Killed a wyvern
   658 | D        | Reached **** piety under Trog
   665 | D        | Reached skill level 10 in Fighting
   665 | D        | Reached XP level 8. HP: 57/57 MP: 8/8
   815 | D        | Noticed a flying skull
   815 | D        | Noticed a flying skull
   815 | D        | Noticed a flying skull
   816 | D        | Noticed a flying skull
   816 | D        | Noticed a flying skull
   829 | D        | Killed a flying skull
   830 | D        | Reached skill level 10 in Armour
   836 | D        | Killed a flying skull
   836 | D        | Reached ***** piety under Trog
   842 | D        | Killed a flying skull
   843 | D        | Reached skill level 10 in Maces & Flails
   864 | D        | HP: 1/59 [flying skull (10)]
   867 | D        | Slain by a flying skull

Illustrated notes

Levels and vault maps discovered:
D:        the_violet_keep_of_menkaure [sprint2_stairs_cluster_1,
          sprint2_shoproom, sprint2_temple, sprint2_basic_supplies,
          sprint2_obstacle_1, sprint2_obstacle_5, sprint2_obstacle_4,
          sprint2_obstacle_3, sprint2_obstacle_6, sprint2_timed_cluster_1,
          sprint2_smallroom_cluster_1, sprint2_smallroom_final_cluster_1,
          sprint2_transparent_cluster_1, sprint2_second_timed_cluster_1,
          sprint2_sniper_area_1, sprint2_heavy_combat_area_1,
          sprint2_mutation_trap_area_1, sprint2_forest_area_1,
          sprint2_light_combat_area_1, sprint2_behind_water_1,
          sprint2_near_end_vault_1]

Skill      XL: |  1  2  3  4  5  6  7  8 |
---------------+-------------------------+-----
Fighting       | 4 5 7 8 10 | 10.8
Maces & Flails | 4 5 6 8 9 10 | 10.0
Armour         | 3 4 6 8 9 10 | 10.6
Dodging        | 2 3 5 6 7 8 |  8.2

Action                   |  1- 3 |  4- 6 |  7- 9 || total
-------------------------+-------+-------+-------++-------
Melee: Mace              |    16 |    29 |    84 ||   129
Invok: Berserk           |     1 |     1 |     3 ||     5
       Trog's Hand       |       |     1 |       ||     1
       Brothers in Arms  |       |       |     1 ||     1
  Use: Potion            |       |     2 |     1 ||     3
Armor: Animal skin       |     2 |     3 |    13 ||    18
Dodge: Dodged            |     7 |    25 |    50 ||    82

Table legend: (Time is in decaauts)
 A = Elapsed time spent in this place.
 B = Non-inter-level travel time spent in this place.
 C = Inter-level travel time spent in this place.
 D = Time resting spent in this place.
 E = Time spent auto-exploring this place.
 F = Levels seen in this place.
 G = Mean time per level.
                   A        B        C        D        E       F      G
               +--------+--------+--------+--------+--------+-----+--------+
         Total |    886 |    886 |      0 |    707 |      0 |   1 |  886.0 |
       Dungeon |    886 |    886 |      0 |    707 |      0 |   1 |  886.0 |
               +--------+--------+--------+--------+--------+-----+--------+

Top non-repeatable levels by time:
       D: 886 daAuts
